Map: [ESL] Royal Blood

Players

NightMare

  • Race: Protoss Protoss

Zoun - Winner!

  • Race: Protoss Protoss

Event: IEM Katowice 2023

VOD

Have the link to the VOD?

Description

Time

  • Played on: Feb. 8, 2023, 11:23 a.m.
  • Length: 11:53

All games in this series

Show
View Real Time Build Order
Export as new Build Order

NightMare Protoss 

Build Orders: Blink Stalkers 

Get SALT Encoding   

  12  0:00  Probe  
  13  0:12  Probe  
  14  0:18  Pylon  
  14  0:24  Probe (Chrono Boost)  
  15  0:36  Gateway, Probe (Chrono Boost)  
  16  0:45  Assimilator, Probe (Chrono Boost)  
  17  0:51  Probe  
  17  0:56  Assimilator  
  18  1:03  Probe (Chrono Boost)  
  19  1:08  Gateway  
  20  1:12  Probe (Chrono Boost)  
  20  1:17  Probe (Chrono Boost)  
  20  1:25  Cybernetics Core  
  21  1:29  Probe  
  22  1:35  Pylon  
  22  1:41  Probe  
  23  1:53  Probe  
  24  2:01  Stalker  
  24  2:02  Stalker  
  24  2:03  Warp Gate  
  24  2:06  Probe  
  29  2:14  Pylon  
  29  2:28  Pylon  
  29  2:36  Stalker x2  
  33  2:58  Nexus  
  33  3:01  Probe  
  34  3:13  Probe  
  34  3:17  Twilight Council  
  33  3:23  Stalker  
  36  3:29  Stalker  
  38  3:35  Shield Battery  
  38  3:36  Probe  
  38  3:46  Blink (Chrono Boost)  
  38  3:48  Probe  
  40  4:11  Probe (Chrono Boost)  
  40  4:13  Probe (Chrono Boost)  
  41  4:17  Sentry, Stalker  
  41  4:21  Robotics Facility  
  41  4:22  Pylon, Probe (Chrono Boost)  
  47  4:24  Probe (Chrono Boost)  
  47  4:27  Probe (Chrono Boost)  
  48  4:33  Probe  
  48  4:35  Assimilator  
  50  4:38  Probe  
  50  4:43  Stalker x2  
  54  4:48  Probe  
  54  4:49  Gateway  
  54  4:50  Probe  
  56  4:56  Gateway  
  56  5:00  Probe  
  56  5:02  Probe  
  56  5:05  Pylon  
  58  5:11  Observer (Chrono Boost)  
  58  5:12  Probe  
  60  5:14  Probe  
  61  5:23  Pylon, Adept  
  61  5:24  Adept  
  65  5:29  Warp Prism (Chrono Boost)  
  65  5:30  Pylon  
  67  5:43  Nexus  
  67  5:53  Stalker x2  
  71  6:00  Stalker x2  
  71  6:03  Probe  
  71  6:04  Probe  
  77  6:11  Pylon  
  76  6:20  Stalker x2  
  80  6:26  Stalker x2  
  80  6:27  Probe x2  
  80  6:41  Probe x2  
  80  6:45  Stalker x2  
  82  6:52  Stalker x2  
  82  6:53  Shield Battery, Probe x2  
  84  6:58  Probe  
  84  6:59  Charge (Chrono Boost)  
  85  7:05  Gateway, Probe  
  85  7:08  Observer  
  83  7:09  Gateway  
  83  7:12  Gateway  
  83  7:14  Gateway  
  83  7:17  Sentry x2  
  83  7:21  Adept x2  
  91  7:23  Probe  
  91  7:24  Probe  
  91  7:29  Pylon  
  84  7:42  Stalker x3  
  84  7:46  Stalker  
  84  7:48  Probe x3  
  66  8:00  Probe x2  
  66  8:04  Stalker x2  
  65  8:08  Zealot x4  
  65  8:12  Zealot  
  75  8:30  Zealot x5  
  75  8:31  Zealot x2  
  89  8:35  Zealot  
  85  8:52  Zealot x6  
  83  8:56  Zealot  
  83  8:57  Zealot  
  73  9:04  Probe x2  
  73  9:05  Probe  
  68  9:12  Stalker x2  
  68  9:13  Stalker  
  74  9:18  Zealot  
  74  9:20  Zealot  
  76  9:25  Stalker  
  78  9:31  Zealot x2  
  78  9:35  Zealot x2  
  86  9:47  Templar Archives, Probe  
  86  9:48  Probe x2  
  86  9:50  Zealot x3  
  95  10:02  Probe  
  96  10:08  Zealot x5  
  96  10:12  Zealot x3  
  100  10:29  High Templar x4  
  100  10:30  Zealot  
  100  10:32  Pylon  
  100  10:33  Archon x2  
  100  10:34  Pylon  
  98  10:35  Zealot x2  
  98  10:36  Zealot  
  100  10:52  High Templar x2  
  100  10:54  Pylon  
  100  10:56  Zealot x3  
  109  10:57  Archon  
  109  11:01  Zealot x3  
  83  11:15  Probe x3  
  83  11:18  Zealot x3  
  67  11:27  Zealot x4  
  67  11:32  Zealot  
Show
View Real Time Build Order
Export as new Build Order

Zoun Protoss - Winner!

Build Orders: Blink Stalkers 

Get SALT Encoding   

  12  0:00  Probe  
  13  0:12  Probe  
  14  0:16  Pylon  
  14  0:24  Probe (Chrono Boost)  
  16  0:36  Gateway, Probe (Chrono Boost)  
  16  0:43  Probe (Chrono Boost)  
  16  0:45  Assimilator  
  17  0:51  Probe  
  18  1:03  Probe (Chrono Boost)  
  19  1:04  Assimilator  
  19  1:10  Gateway  
  19  1:13  Probe (Chrono Boost)  
  19  1:17  Probe (Chrono Boost)  
  20  1:24  Cybernetics Core  
  21  1:29  Probe  
  22  1:35  Pylon  
  22  1:42  Probe  
  23  1:54  Probe  
  23  2:00  Stalker x2  
  28  2:01  Warp Gate (Chrono Boost)  
  28  2:06  Probe  
  29  2:14  Pylon  
  29  2:24  Pylon  
  29  2:33  Sentry  
  29  2:36  Adept  
  33  2:49  Nexus  
  33  2:55  Shield Battery  
  33  3:04  Probe  
  32  3:16  Probe, Twilight Council  
  33  3:29  Probe  
  34  3:42  Stalker x2  
  38  3:48  Blink (Chrono Boost), Probe  
  38  3:51  Pylon  
  39  4:01  Probe (Chrono Boost)  
  41  4:05  Probe (Chrono Boost)  
  41  4:06  Sentry, Stalker  
  45  4:12  Probe (Chrono Boost)  
  45  4:15  Probe (Chrono Boost)  
  45  4:17  Probe (Chrono Boost)  
  46  4:25  Probe  
  46  4:28  Probe  
  48  4:34  Robotics Facility  
  48  4:35  Stalker x2  
  48  4:38  Probe  
  53  4:44  Pylon  
  53  4:45  Probe  
  54  4:50  Probe  
  55  5:01  Probe  
  56  5:09  Nexus, Stalker  
  56  5:12  Pylon  
  58  5:17  Stalker  
  58  5:20  Probe  
  61  5:22  Assimilator, Observer  
  61  5:27  Gateway  
  62  5:29  Probe  
  62  5:30  Shield Battery  
  62  5:32  Probe  
  62  5:33  Stalker  
  66  5:40  Stalker  
  66  5:41  Probe  
  69  5:44  Probe  
  69  5:49  Immortal (Chrono Boost)  
  70  5:50  Observer  
  74  5:59  Stalker  
  74  6:00  Forge  
  76  6:06  Probe  
  76  6:11  Pylon  
  77  6:18  Stalker  
  78  6:21  Immortal, Stalker  
  84  6:25  Stalker  
  84  6:28  Probe x2  
  84  6:29  Probe  
  87  6:43  Probe  
  87  6:44  Stalker x2  
  87  6:45  Probe  
  89  6:48  Protoss Ground Weapons Level 1 (Chrono Boost)  
  89  6:51  Probe  
  90  6:54  Stalker  
  90  6:55  Probe  
  90  7:01  Probe  
  93  7:04  Probe  
  93  7:07  Probe  
  94  7:09  Warp Prism (Chrono Boost)  
  94  7:11  Charge (Chrono Boost), Stalker x2  
  94  7:13  Probe  
  101  7:21  Gateway  
  101  7:22  Gateway  
  101  7:26  Gateway  
  101  7:35  Probe  
  94  7:47  Probe  
  94  7:50  Stalker  
  94  7:51  Stalker x2  
  80  8:06  Probe x2  
  80  8:08  Gateway  
  80  8:12  Gateway  
  82  8:15  Photon Cannon  
  82  8:16  Pylon, Photon Cannon  
  82  8:18  Stalker x3  
  88  8:22  Nexus, Observer  
  88  8:24  Pylon, Zealot  
  88  8:25  Probe, Protoss Ground Weapons Level 2 (Chrono Boost)  
  88  8:26  Probe  
  93  8:28  Probe  
  93  8:30  Zealot x2  
  98  8:35  Pylon  
  98  8:46  Zealot x2  
  102  8:49  Pylon  
  102  8:50  Zealot x2  
  102  8:54  Zealot  
  94  8:58  Zealot  
  94  9:02  Zealot  
  92  9:10  Zealot x4  
  92  9:14  Shield Battery  
  100  9:18  Zealot x2  
  100  9:21  Observer  
  104  9:27  Stalker x2  
  108  9:34  Shield Battery  
  108  9:35  Photon Cannon  
  108  9:36  Sentry  
  110  9:39  Zealot x2  
  110  9:44  Zealot x2, Observer  
  118  9:48  Stalker  
  118  9:50  Stalker  
  122  9:55  Zealot  
  124  10:01  Robotics Bay  
  124  10:06  Zealot x5, Observer  
  133  10:09  Probe x2  
  135  10:18  Zealot x2  
  139  10:27  Zealot x4  
  147  10:29  Pylon  
  147  10:36  Pylon  
  147  10:38  Observer (Chrono Boost)  
  144  10:50  Zealot x6  
  144  10:54  Pylon  
  144  10:56  Disruptor (Chrono Boost)  
  145  11:13  Zealot x4  
  145  11:14  Zealot x4  
  130  11:34  Stalker x2  
  130  11:35  Stalker x6  
  143  11:52  Nexus  

Tags
 
Add a new tag
Caveats
  • Supply blocks, unpowered buildings, or Contaminate may cause inaccurate times.
  • Supply counts are checked every 10 seconds.